 Dungeon Crawl Stone Soup version 0.30-a0-170-g85af917532 (webtiles) character file.

Game seed: 13014606232551744872

2799 qw the Cleaver (level 9, -12/55 HPs)
             Began as a Gargoyle Fighter on Sept 30, 2022.
             Was a Believer of Okawaru.
             Mangled by a caustic shrike skeleton (13 damage)
             ... on level 1 of the Abyss.
             The game lasted 00:02:21 (7608 turns).

qw the Cleaver (Gargoyle Fighter)                   Turns: 7608, Time: 00:02:21

Health: -12/55     AC: 23    Str: 19    XL:     9   Next: 71%
Magic:  7/9        EV:  9    Int:  8    God:    Okawaru [**....]
Gold:   380        SH:  7    Dex: 19    Spells: 8/8 levels left

rFire   + + +      SeeInvis +    Y - +0 war axe
rCold   . . .      Faith    +    c - +0 buckler
rNeg    + . .      Spirit   .    a - +0 plate armour of Evolution {rF+ Will++ Str-4}
rPois   inf        Reflect  .    (no helmet)
rElec   +          Harm     .    (no cloak)
rCorr   .          Rampage  +    (no gloves)
Will    ++...                    (no boots)
Stlth   ..........               n - amulet of the Good {Faith Rampage rF+ SInv}
HPRegen 0.18/turn                k - +6 ring of dexterity
MPRegen 0.11/turn                q - ring of protection from fire

@: heroic
A: sickness immunity, AC +6, negative energy resistance 1, electricity
resistance, torment resistance 1, petrification resistance, iridescent scales 1,
agile 1, sense surroundings 1, wild magic 1
a: Renounce Religion, Heroism


You were on level 1 of the Abyss.
You worshipped Okawaru.
Okawaru was pleased with you.
You visited 2 branches of the dungeon, and saw 9 of its levels.
You visited the Abyss 1 time.

You collected 380 gold pieces.


Innate Abilities, Weirdness & Mutations

You are immune to sickness and miasma.
Your stone body is resilient. (AC +6)
You are immune to poison.
You resist negative energy. (rN+)
You are resistant to electric shocks. (rElec)
You are resistant to unholy torment.
You are immune to petrification.
You are partially covered in iridescent scales. (AC +2)
You are agile. (Dex +4, Str/Int -1)
You passively map a small area around you.
Your spells are a little harder to cast, but a little more powerful.


   Skills:
 + Level 6.3(11.3) Fighting
 - Level 9.1(14.1) Axes
 - Level 1.8(6.8) Throwing
 - Level 5.5(10.5) Armour
 - Level 2.0(7.0) Dodging
 - Level 6.0(11.0) Shields
 + Level 0.0 Invocations


You had 8 spell levels left.
You didn't know any spells.
Your spell library was empty.

Inventory:

Hand Weapons
 e - a +0 flail
 Y - a +0 war axe (weapon)
Armour
 a - the +0 plate armour of Evolution (worn) {rF+ Will++ Str-4}
   (You found it on level 7 of the Dungeon)

   Str:       It affects your strength (-4).
   rF:        It protects you from fire.
   Will:      It greatly increases your willpower.
 c - a +0 buckler (worn)
Jewellery
 b - a ring of resist corrosion
 k - a +6 ring of dexterity (left hand)
 n - the amulet of the Good (around neck) {Faith Rampage rF+ SInv}
   (You found it on level 6 of the Dungeon)

   [amulet of faith]

   It allows you to gain divine favour quickly.
   rF:        It protects you from fire.
   SInv:      It lets you see invisible.
   Rampage:   It bestows one free step when moving towards enemies.
 q - a ring of protection from fire (right hand)
Scrolls
 r - a scroll of identify
Potions
 d - a potion of might
 f - a potion of attraction
 h - 2 potions of lignification
 i - 3 potions of curing
 o - a potion of magic
 p - a potion of resistance {unknown}

Dungeon Overview and Level Annotations

Branches:
Dungeon (8/15)             Temple (1/1) D:7
   Lair: D:8-11

Altars:
Ashenzari
Cheibriados
Dithmenos
Elyvilon
Fedhas
Gozag
Hepliaklqana
Kikubaaqudgha
Makhleb
Nemelex Xobeh
Okawaru
Qazlal
Ru
Sif Muna
Trog
Uskayaw
Vehumet
Wu Jian
Xom
Yredelemnul
Zin
The Shining One

Shops:
D:5 :

Annotations:
D:8 Psyche


Message History

You slash the thrashing horror!
You destroy the thrashing horror!
Okawaru is honoured by your kill.
You can now gain great but temporary skills.
Your Shields skill gained 3 levels and is now at level 6!
A quasit comes into view.
7599 ||| Stepping ~*~*~tactically~*~*~ (stealth).
7600 ||| Stepping ~*~*~tactically~*~*~ (stealth).
A caustic shrike skeleton comes into view.
A large abomination comes into view.
7601 ||| Stepping ~*~*~tactically~*~*~ (stealth).
The quasit gives a chilling moan.
7602 ||| INVOKING Heroism.
You gain the combat prowess of a mighty hero.
The quasit barely misses you. You block the quasit's attack.
The quasit claws you but does no damage.
You hit the quasit.
The quasit is moderately wounded.
The quasit closely misses you. You block the quasit's attack. x2
The quasit barely misses you.
The quasit claws you but does no damage. x2
You hit the quasit.
The quasit is severely wounded.
The quasit misses you.
The quasit claws you but does no damage.
You block the quasit's attack.
You closely miss the quasit.
The quasit is severely wounded.
The quasit bites you but does no damage.
The quasit claws you but does no damage.
The quasit closely misses you.
You hit the quasit.
The quasit is severely wounded.
The quasit barely misses you. You block the quasit's attack. x2
The caustic shrike skeleton claws you!
You hit the quasit.
The quasit is almost dead.
You barely miss the caustic shrike skeleton.
The caustic shrike skeleton claws you!
You die...

.###..####.# #
#### ._##..#.#
.## .
.#..#..#....#....
.# .##...........
.# ..
.............##..
..
##..........#..
~~ ###.........#~
#. ......#.#.~~~~
##........@# Z~~
.....##..5#Z7 ~X
.....#......#~~
..........~. .~~~
###..#~_~..
~~~~~~
.#.#~~~~~~~~~~~~
#~~~~ ~~~7 ..#..
....


You could see a quasit and a caustic shrike skeleton.

Vanquished Creatures
  A thrashing horror (Abyss:1)
  A troll (D:8)
  A water moccasin (D:5)
  A sky beast (D:6)
  2 ice beasts
  2 black bears
  2 ogres (D:5)
  2 centaurs
  2 phantoms
  2 kobold brigands
  A bullfrog (D:7)
  6 killer bees (D:7)
  An orc priest (D:7)
  3 hounds
  2 jellies (D:6)
  4 iguanas
  12 adders
  2 shadow imps (D:6)
  A white imp (D:6)
  2 worms (D:3)
  2 dart slugs
  10 orcs
  7 ball pythons
  6 endoplasms
  3 giant cockroaches
  7 goblins
  15 hobgoblins
  6 kobolds
  3 quokkas
  3 bats (D:1)
  A frilled lizard (D:2)
  3 rats
  A spectral kobold (D:1)
117 creatures vanquished.

Notes
Turn   | Place    | Note
-------+----------+-------------------------------------------
     0 | D:1      | qw the Gargoyle Fighter began the quest for the Orb.
     0 | D:1      | Reached XP level 1. HP: 14/14 MP: 1/1
     0 | D:1      | 0 ||| qw: Version: 0.2-a-12-gaebbb33
     0 | D:1      | 0 ||| qw: Game counter: 1631
     0 | D:1      | 0 ||| qw: Always use a shield: true
     0 | D:1      | 0 ||| qw: God list: Okawaru
     0 | D:1      | 0 ||| qw: Allow faded altars: false
     0 | D:1      | 0 ||| qw: Do Orc after D:15 true
     0 | D:1      | 0 ||| qw: Do second Lair branch before Depths: true
     0 | D:1      | 0 ||| qw: Lair rune preference: random
     0 | D:1      | 0 ||| qw: Plans: Normal, Zot:1-4, God:TSO, Crypt, Tomb,
                  | Pan, Slime:5, Hells, Abyss, Orb
     0 | D:1      | 0 ||| PLANNING D:1-11
    16 | D:1      | 16 ||| Stepping ~*~*~tactically~*~*~ (hiding).
    27 | D:1      | Reached skill level 2 in Axes
   249 | D:1      | Reached XP level 2. HP: 19/19 MP: 2/2
   571 | D:1      | Reached skill level 3 in Axes
   865 | D:1      | Found a faded altar of an unknown god.
   971 | D:1      | 971 ||| READING scroll labelled PESCHE ONGERR.
   972 | D:1      | 972 ||| READING scroll labelled NANUDD WIAM.
  1003 | D:2      | Reached XP level 3. HP: 23/23 MP: 3/3
  1017 | D:2      | Identified the +8 dagger "Ceggaet" {antimagic, rC++ rN+++
                  | Will-}
  1087 | D:2      | 1087 ||| Stepping ~*~*~tactically~*~*~ (stealth).
  1088 | D:2      | 1088 ||| Stepping ~*~*~tactically~*~*~ (stealth).
  1211 | D:2      | 1211 ||| DROPPING +0 club.
  1416 | D:2      | 1416 ||| DRINKING 2 brown potions.
  1417 | D:2      | 1417 ||| DRINKING 3 fizzy cyan potions.
  1418 | D:2      | 1418 ||| DROPPING potion of degeneration.
  1419 | D:2      | 1419 ||| DROPPING 2 potions of flight.
  1460 | D:3      | Noticed a centaur
  1461 | D:3      | 1461 ||| Stepping ~*~*~tactically~*~*~ (stealth).
  1462 | D:3      | 1462 ||| Stepping ~*~*~tactically~*~*~ (stealth).
  1470 | D:3      | Reached XP level 4. HP: 19/28 MP: 4/4
  1471 | D:3      | Reached skill level 4 in Axes
  1472 | D:3      | HP: 5/28 [centaur (5)]
  1473 | D:3      | Killed a centaur
  1474 | D:3      | Reached skill level 5 in Axes
  1474 | D:3      | Reached XP level 5. HP: 5/32 MP: 5/5
  1799 | D:3      | Found a shimmering altar of Xom.
  1975 | D:3      | 1975 ||| Stepping ~*~*~tactically~*~*~ (stealth).
  2559 | D:3      | 2559 ||| UPGRADING to +6 ring of dexterity.
  2560 | D:3      | 2560 ||| READING scroll labelled ROH VULURPHEOS.
  2561 | D:3      | 2561 ||| DRINKING 2 metallic red potions.
  2562 | D:3      | 2562 ||| DROPPING potion of invisibility.
  2789 | D:4      | 2789 ||| Stepping ~*~*~tactically~*~*~ (stealth).
  2861 | D:4      | 2861 ||| DROPPING +0 mace.
  2905 | D:4      | 2905 ||| Stepping ~*~*~tactically~*~*~ (stealth).
  2916 | D:4      | Reached skill level 1 in Dodging
  2916 | D:4      | Reached XP level 6. HP: 13/38 MP: 6/6
  3172 | D:4      | 3172 ||| Stepping ~*~*~tactically~*~*~ (stealth).
  3176 | D:4      | 3176 ||| Stepping ~*~*~tactically~*~*~ (stealth).
  3189 | D:4      | 3189 ||| Stepping ~*~*~tactically~*~*~ (stealth).
  3225 | D:4      | 3225 ||| Stepping ~*~*~tactically~*~*~ (stealth).
  3227 | D:4      | 3227 ||| Stepping ~*~*~tactically~*~*~ (stealth).
  3242 | D:4      | 3242 ||| Stepping ~*~*~tactically~*~*~ (stealth).
  3255 | D:4      | 3255 ||| Stepping ~*~*~tactically~*~*~ (stealth).
  3256 | D:4      | 3256 ||| Stepping ~*~*~tactically~*~*~ (stealth).
  3258 | D:4      | 3258 ||| FLEEEEING.
  3700 | D:4      | 3700 ||| Stepping ~*~*~tactically~*~*~ (stealth).
  3766 | D:4      | 3766 ||| UPGRADING to +0 chain mail.
  3776 | D:4      | 3776 ||| DROPPING +0 scale mail.
  3777 | D:4      | 3777 ||| UPGRADING to ring of protection from fire.
  3778 | D:4      | 3778 ||| READING scroll labelled DEFENN EFUME.
  3779 | D:4      | 3779 ||| READING scroll labelled PAEKKUY ISHED.
  3780 | D:4      | 3780 ||| DRINKING 3 green potions.
  3780 | D:4      | Gained mutation: You have a beak for a mouth. [potion of
                  | mutation]
  3780 | D:4      | Gained mutation: Potions are less effective at restoring
                  | your health. [potion of mutation]
  3781 | D:4      | 3781 ||| DRINKING 2 potions of mutation.
  3781 | D:4      | Lost mutation: Potions are less effective at restoring your
                  | health. [potion of mutation]
  3781 | D:4      | Lost mutation: You have a beak for a mouth. [potion of
                  | mutation]
  3781 | D:4      | Gained mutation: You passively map a small area around you.
                  | [potion of mutation]
  3781 | D:4      | Gained mutation: Armour fits poorly on your strangely
                  | shaped body. [potion of mutation]
  3781 | D:4      | Gained mutation: Your spells are a little harder to cast,
                  | but a little more powerful. [potion of mutation]
  3782 | D:4      | 3782 ||| DRINKING potion of mutation.
  3782 | D:4      | Lost mutation: Armour fits poorly on your strangely shaped
                  | body. [potion of mutation]
  3782 | D:4      | Lost mutation: You passively map a small area around you.
                  | [potion of mutation]
  3782 | D:4      | Gained mutation: You are partially covered in iridescent
                  | scales. (AC +2) [potion of mutation]
  3782 | D:4      | Gained mutation: You are agile. (Dex +4, Str/Int -1)
                  | [potion of mutation]
  3782 | D:4      | Gained mutation: You passively map a small area around you.
                  | [potion of mutation]
  3783 | D:4      | 3783 ||| DRINKING 3 smoky clear potions.
  3870 | D:5      | Entered Level 5 of the Dungeon
  3925 | D:5      | Noticed a water moccasin
  3935 | D:5      | Killed a water moccasin
  3936 | D:5      | Reached skill level 6 in Axes
  3936 | D:5      | Reached XP level 7. HP: 37/43 MP: 7/7
  4026 | D:5      | Reached skill level 7 in Axes
  4320 | D:5      | Found Wiezal's Book Shoppe.
  4591 | D:5      | Reached skill level 1 in Throwing
  4591 | D:5      | Reached XP level 8. HP: 49/49 MP: 8/8
  4926 | D:5      | 4926 ||| READING 3 scrolls of identify.
  4926 | D:5      | 4926 ||| IDENTIFYING inky potion
  4927 | D:5      | 4927 ||| READING 2 scrolls of identify.
  4927 | D:5      | 4927 ||| IDENTIFYING viscous clear potion
  5005 | D:6      | 5005 ||| FLEEEEING.
  5006 | D:6      | 5006 ||| FLEEEEING.
  5007 | D:6      | 5007 ||| FLEEEEING.
  5008 | D:6      | 5008 ||| FLEEEEING.
  5013 | D:6      | 5013 ||| STAIRDANCE
  5180 | D:6      | 5180 ||| FLEEEEING.
  5181 | D:6      | 5181 ||| FLEEEEING.
  5182 | D:6      | 5182 ||| STAIRDANCE
  5620 | D:6      | 5620 ||| Stepping ~*~*~tactically~*~*~ (hiding).
  5621 | D:6      | 5621 ||| Stepping ~*~*~tactically~*~*~ (hiding).
  5628 | D:6      | Reached skill level 8 in Axes
  5875 | D:6      | Identified the amulet of the Good {Faith Rampage rF+ SInv}
  6019 | D:6      | 6019 ||| UPGRADING to amulet of the Good {Faith Rampage rF+
                  | SInv}.
  6024 | D:6      | 6024 ||| READING scroll labelled SIELOXK BO JYZ.
  6028 | D:6      | 6028 ||| READING 2 scrolls of identify.
  6028 | D:6      | 6028 ||| IDENTIFYING fizzy purple potion
  6029 | D:6      | 6029 ||| DROPPING potion of berserk rage.
  6048 | D:6      | 6048 ||| STAIRDANCE
  6086 | D:7      | 6086 ||| STAIRDANCE
  6095 | D:6      | Reached skill level 6 in Fighting
  6163 | D:7      | 6163 ||| Stepping ~*~*~tactically~*~*~ (stealth).
  6261 | D:7      | Reached XP level 9. HP: 35/55 MP: 9/9
  6410 | D:7      | Found a hide-covered altar of Uskayaw.
  6415 | D:7      | Found a snail-covered altar of Cheibriados.
  6415 | D:7      | Found a sparkling altar of Nemelex Xobeh.
  6426 | D:7      | Found a bloodstained altar of Trog.
  6429 | D:7      | Identified the +0 plate armour of Evolution {rF+ Will++
                  | Str-4}
  6433 | D:7      | Found a white marble altar of Elyvilon.
  6470 | D:7      | Found a staircase to the Ecumenical Temple.
  6471 | D:7      | 6471 ||| PLANNING TEMPLE
  6471 | D:7      | 6471 ||| UPGRADING to +0 plate armour of Evolution {rF+
                  | Will++ Str-4}.
  6481 | D:7      | 6481 ||| DROPPING +0 chain mail.
  6492 | D:7      | 6492 ||| Stepping ~*~*~tactically~*~*~ (water).
  6704 | Temple   | Entered the Ecumenical Temple
  6742 | Temple   | 6742 ||| PLANNING OKAWARU WORSHIP
  6828 | Temple   | Became a worshipper of Warmaster Okawaru
  6829 | Temple   | 6829 ||| PLANNING D:1-11
  7108 | D:7      | Reached skill level 9 in Axes
  7180 | D:7      | Found a shimmering blue altar of Sif Muna.
  7180 | D:7      | Found an ancient bone altar of Kikubaaqudgha.
  7213 | D:7      | 7213 ||| READING scroll labelled VOLETYXOMAMP.
  7214 | D:7      | 7214 ||| DRINKING 2 fizzy pink potions.
  7215 | D:7      | 7215 ||| READING 2 scrolls of identify.
  7215 | D:7      | 7215 ||| IDENTIFYING golden potion
  7216 | D:7      | 7216 ||| DROPPING potion of brilliance.
  7260 | D:8      | Noticed a troll
  7265 | D:8      | 7265 ||| Stepping ~*~*~tactically~*~*~ (stealth).
  7273 | D:8      | 7273 ||| Stepping ~*~*~tactically~*~*~ (stealth).
  7275 | D:8      | 7275 ||| Stepping ~*~*~tactically~*~*~ (stealth).
  7281 | D:8      | HP: 6/55 [troll (8)]
  7281 | D:8      | HP: 2/55 [troll (4)]
  7282 | D:8      | 7282 ||| DRINKING potion of heal wounds.
  7286 | D:8      | HP: 7/55 [troll (14)]
  7287 | D:8      | Killed a troll
  7307 | D:8      | 7307 ||| FLEEEEING.
  7308 | D:8      | 7308 ||| FLEEEEING.
  7309 | D:8      | 7309 ||| FLEEEEING.
  7310 | D:8      | 7310 ||| FLEEEEING.
  7311 | D:8      | 7311 ||| FLEEEEING.
  7312 | D:8      | 7312 ||| FLEEEEING.
  7313 | D:8      | 7313 ||| FLEEEEING.
  7314 | D:8      | 7314 ||| FLEEEEING.
  7314 | D:8      | Noticed Psyche
  7315 | D:8      | 7315 ||| FLEEEEING.
  7316 | D:8      | 7316 ||| STAIRDANCE
  7551 | Abyss:1  | Cast into level 1 of the Abyss (Psyche)
  7571 | Abyss:1  | Noticed a thrashing horror
  7571 | Abyss:1  | Found a basalt altar of Yredelemnul.
  7585 | Abyss:1  | Found a corrupted altar of Lugonu.
  7588 | Abyss:1  | HP: 11/55 [thrashing horror (4)]
  7594 | Abyss:1  | Killed a thrashing horror
  7594 | Abyss:1  | Reached * piety under Okawaru
  7594 | Abyss:1  | Reached ** piety under Okawaru
  7595 | Abyss:1  | Reached skill level 6 in Shields
  7599 | Abyss:1  | 7599 ||| Stepping ~*~*~tactically~*~*~ (stealth).
  7600 | Abyss:1  | 7600 ||| Stepping ~*~*~tactically~*~*~ (stealth).
  7600 | Abyss:1  | Noticed a caustic shrike skeleton
  7601 | Abyss:1  | 7601 ||| Stepping ~*~*~tactically~*~*~ (stealth).
  7602 | Abyss:1  | 7602 ||| INVOKING Heroism.
  7607 | Abyss:1  | HP: 1/55 [caustic shrike skeleton (10)]
  7608 | Abyss:1  | Mangled by a caustic shrike skeleton

Levels and vault maps discovered:
D:1:      sevenhm_arrival_forest_fort_small_5, layout_rooms,
          dreamdust_ecumenical_altar_drowned_temple, minivault_4
D:2:      layout_rooms
D:3:      minmay_angry_zag, layout_loops_ring, lemuel_tele_altar
D:4:      layout_gridville, hangedman_decor_push
D:5:      layout_basic, serial_shops, nicolae_take_the_stairs
D:6:      layout_loops_cross, wad_floor_pattern_untrapped
D:7:      layout_rooms, minmay_overflow_temple_star_hex,
          gammafunk_temple_overflow_pools, minmay_temple_entry_mist,
          kennysheep_generic_room_12
D:8:      layout_layer_cave, erik_lair_island, moated_statue,
          chequers_decorated_corner, jiyva_altar_1, uniq_psyche
Temple:   jpeg_temple_clearing
Abyss:1:  base: D:6, hangedman_abyss_exit_choices, evilmike_abyss_exit_1

Skill      XL: |  1  2  3  4  5  6  7  8  9 |
---------------+----------------------------+-----
Axes           | 2 3 5 6 7 8 9 |  9.1
Fighting       | 4 5 6 |  6.3
Dodging        | 1 2 |  2.0
Throwing       | 1 |  1.8
Armour         | 5 |  5.5
Shields        | 6 |  6.0

Action                   |  1- 3 |  4- 6 |  7- 9 || total
-------------------------+-------+-------+-------++-------
Melee: War axe           |    75 |   141 |   238 ||   454
Throw: Boomerang         |    26 |    20 |    20 ||    66
Invok: Heroism           |       |       |     1 ||     1
  Use: Scroll            |     2 |     3 |     6 ||    11
       Potion            |     2 |     5 |     2 ||     9
Armor: Scale mail        |    53 |    56 |       ||   109
       Chain mail        |       |    11 |   129 ||   140
       Plate armour      |       |       |    67 ||    67
Dodge: Dodged            |    39 |    57 |   100 ||   196
Block: Buckler           |    18 |    33 |    77 ||   128

Table legend:
 A = Non-vault XP
 B = Vault XP
 C = Vault XP percentage of total XP
 D = Non-vault monster count
 E = Vault monster count
 F = Vault count percentage of total count
                 A         B        C        D         E       F
            +---------+---------+-------+---------+---------+-------
      Total |    3425 |     574 |  14.4 |     109 |       8 |   6.8
            +---------+---------+-------+---------+---------+-------
        D:1 |      32 |       1 |   3.0 |      17 |       1 |   5.6
        D:2 |      36 |       0 |   0.0 |      14 |       0 |   0.0
        D:3 |     216 |      12 |   5.3 |      15 |       4 |  21.1
        D:4 |     159 |       0 |   0.0 |      21 |       0 |   0.0
        D:5 |     846 |       0 |   0.0 |      13 |       0 |   0.0
        D:6 |     827 |       0 |   0.0 |      16 |       0 |   0.0
        D:7 |     518 |     239 |  31.6 |      12 |       2 |  14.3
        D:8 |       0 |     322 | 100.0 |       0 |       1 | 100.0
    Abyss:1 |     791 |       0 |   0.0 |       1 |       0 |   0.0
            +---------+---------+-------+---------+---------+-------
